 Dungeon Crawl Stone Soup version 0.18-a0-1121-gb454403 (webtiles) character file.

696 Geeful the Magician (level 7, -3/41 HPs)
             Began as an Octopode Wizard on Jan 18, 2016.
             Slain by a gnoll shaman
             ... wielding a +0 whip
              (4 damage)
             ... on level 4 of the Dungeon.
             The game lasted 00:19:56 (6276 turns).

Geeful the Magician (Octopode Wizard)               Turns: 6276, Time: 00:19:56

Health: -3/41      AC:  1    Str:  7    XL:     7   Next: 64%
Magic:  17/17      EV: 12    Int: 22    God:
Gold:   166        SH:  0    Dex: 10    Spells: 4 memorised, 11 levels left

rFire  . . .     SeeInvis .     a - +1 hand axe (elec)
rCold  . . .     Gourm    .     (no shield)
rNeg   . . .     Faith    .     p - +0 hat
rPois  .         Spirit   .     (no amulet)
rElec  .         Dismiss  .     (no ring)
rCorr  .         Reflect  .     (no ring)
SustAt .         Harm     .     (no ring)
MR     .....                    (no ring)
Stlth  +++.......               (no ring)
                                (no ring)
                                (no ring)
                                (no ring)

@: repel missiles, not resistant to hostile enchantments, fairly stealthy
A: almost no armour, amphibious, 8 rings, constrict 8, camouflage 1, gelatinous
body 1
a: no special abilities


You were on level 4 of the Dungeon.
You were hungry.

You visited 1 branch of the dungeon, and saw 5 of its levels.

You collected 166 gold pieces.

Inventory:

Hand Weapons
 a - a +1 hand axe of electrocution (weapon)
 b - a +1 hand axe of venom
Missiles
 i - 19 poisoned needles
Armour
 p - a +0 hat (worn)
Jewellery
 f - an uncursed ring of fire
 l - an uncursed ring of fire
Wands
 e - a wand of magic darts (32/48)
 r - a wand of cold (8/15)
 u - a wand of polymorph (12/24)
Scrolls
 h - a scroll of magic mapping
 j - 3 scrolls of remove curse
Potions
 g - a potion of mutation {unknown}
 k - a potion of beneficial mutation {unknown}
 m - a potion of berserk rage {unknown}
 o - 2 potions of magic
 q - a potion of ambrosia {unknown}
 t - 2 potions of curing {unknown}
 v - a potion of haste {unknown}
Books
 w - a book of Minor Magic

   Spells                             Type                      Level
   a - Magic Dart                     Conjuration                  1
   b - Blink                          Translocation                2
   c - Call Imp                       Summoning                    2
   d - Repel Missiles                 Charms/Air                   2
   e - Slow                           Hexes                        2
   f - Conjure Flame                  Conjuration/Fire             3
   g - Mephitic Cloud                 Conjuration/Poison/Air       3
Comestibles
 c - 3 bread rations
 d - a beef jerky
 n - 2 meat rations
 s - 3 chunks of flesh
 x - 5 fruits


   Skills:
 - Level 2.0 Dodging
 - Level 2.6 Stealth
 * Level 6.7 Spellcasting
 + Level 4.7 Conjurations
 - Level 1.0 Summonings
   Level 1.0 Translocations


You had 11 spell levels left.
You knew the following spells:

 Your Spells              Type           Power        Failure   Level  Hunger
a - Magic Dart            Conj           ####         1%          1    None
b - Call Imp              Summ           ##......     10%         2    None
c - Repel Missiles        Chrm/Air       #.....       14%         2    None
d - Mephitic Cloud        Conj/Pois/Air  ##......     14%         3    #......


Dungeon Overview and Level Annotations

Branches:
Dungeon (5/15)
 Temple: D:4-7

Altars:
Ru


Innate Abilities, Weirdness & Mutations

You cannot wear most types of armour.
You are amphibious.
You can wear up to eight rings at the same time.
You can use your tentacles to constrict eight enemies at once.
Your skin changes colour to match your surroundings (Stealth).
Your rubbery body absorbs attacks (AC +1).


Message History

You constrict the gnoll shaman. The gnoll shaman hits you with a whip!
* * * LOW HITPOINT WARNING * * *
Your crimson imp hits the gnoll.
An orc comes into view. It is wielding a club.
You release your grip on the gnoll shaman.
There is a stone staircase leading up, spattered with blood here.
The gnoll shaman hits you with a whip.
* * * LOW HITPOINT WARNING * * *
The orc throws a tomahawk.
The tomahawk is repelled.
The tomahawk closely misses the gnoll shaman.
The tomahawk hits the gnoll!
The gnoll hits you from afar with a halberd.
* * * LOW HITPOINT WARNING * * *
Your crimson imp hits the gnoll.
You climb upwards.
There is a stone staircase leading down here.
Drink which item? (? for menu, Esc to quit)
It was a potion of magic.
Magic courses through your body. The gnoll shaman hits you with a whip.
You die...

#.##.########.#...#....#####.####
#.#.........#.#...#.###.........#
#.######......#.....##..........#
#.# #......##..####..........#
#.# #......##....##..........#
#.# ####.#.##.##.##.##########
#.# ######.#.##.##.##.# #.#
#......#.##.##.##.########## #.#
#.######.##@................ #.#
#.# #.##g##.##.########## #.# #.#
#.##.##.##.#######... #.# #.#
#.#.....#........#... #.# #.#
#.#.....#........#... #.# #.#
#.#.....#........#... #.# #.#
#.#.....##.#######...
#.####.######.#....###.# ###...
#.##..........#........# #.....


You could see a gnoll shaman.

Vanquished Creatures
  An ogre (D:4)
  A scorpion (D:4)
  2 hounds (D:4)
  2 orc wizards
  Natasha (twice) (D:3)
  A worker ant (D:4)
  A gnoll (D:5)
  4 worms
  4 giant geckos
  12 orcs
  3 ball pythons
  3 giant cockroaches
  8 goblins
  6 hobgoblins
  3 quokkas (D:3)
  11 bats
  3 giant newts
  7 kobolds
  4 rats
78 creatures vanquished.

Vanquished Creatures (collateral kills)
  An ogre (D:4)
  A phantom (D:4)
  3 orc priests
  An orc wizard (D:4)
  Jessica (D:2)
  Natasha (D:3)
  A worker ant (D:4)
  Robin (D:3)
  2 adders
  A worm (D:2)
  6 orcs
  2 bats (D:3)
  3 hobgoblins
  3 goblins
27 creatures vanquished.

Grand Total: 105 creatures vanquished

Notes
Turn   | Place    | Note
--------------------------------------------------------------
     0 | D:1      | Geeful the Octopode Wizard began the quest for the Orb.
     0 | D:1      | Reached XP level 1. HP: 11/11 MP: 4/4
   303 | D:1      | Reached XP level 2. HP: 17/17 MP: 6/6
   838 | D:2      | Noticed Jessica
  1056 | D:2      | Reached XP level 3. HP: 18/21 MP: 8/8
  1064 | D:2      | Learned a level 2 spell: Call Imp
  1067 | D:2      | Learned a level 2 spell: Repel Missiles
  1071 | D:2      | Learned a level 3 spell: Mephitic Cloud
  1281 | D:2      | Killed Jessica
  1615 | D:2      | Reached skill level 4 in Spellcasting
  1723 | D:2      | Found a sacrificial altar of Ru.
  1836 | D:2      | Reached XP level 4. HP: 27/27 MP: 10/10
  1857 | D:3      | Noticed Natasha
  1865 | D:3      | Killed Natasha
  2414 | D:3      | Reached XP level 5. HP: 28/31 MP: 3/11
  2539 | D:3      | Noticed Robin
  2557 | D:3      | Killed Robin
  2750 | D:3      | Noticed Natasha
  2771 | D:3      | Killed Natasha
  3060 | D:3      | Noticed Natasha
  3069 | D:3      | Killed Natasha
  3102 | D:3      | Reached skill level 5 in Spellcasting
  3637 | D:4      | Reached XP level 6. HP: 27/36 MP: 13/13
  4162 | D:4      | Noticed a phantom
  4817 | D:4      | Killed a phantom
  5221 | D:4      | Reached skill level 6 in Spellcasting
  5221 | D:4      | Reached XP level 7. HP: 17/41 MP: 6/16
  6247 | D:5      | Entered Level 5 of the Dungeon
  6274 | D:5      | HP: 1/41 [gnoll/halberd (5)]
  6276 | D:4      | Slain by a gnoll shaman

Vault maps used:
D:1:      dpeg_arrival_simpleton_b
D:2:      nicolae_ru_the_path_less_chosen, first_bread, uniq_jessica
D:3:      uniq_natasha, uniq_robin
D:5:      serial_shops, shop, grunt_qazlal_clouds

Action                   |  1- 3 |  4- 6 |  7- 9 || total
-------------------------+-------+-------+-------++-------
Melee: Whip              |     4 |       |       ||     4
       Dagger            |    71 |    10 |       ||    81
       Unarmed           |     1 |       |       ||     1
       Hand axe          |       |    87 |    25 ||   112
 Cast: Magic Dart        |     7 |     2 |     5 ||    14
       Call Imp          |     7 |    33 |    11 ||    51
       Repel Missiles    |     1 |       |     1 ||     2
       Mephitic Cloud    |       |     2 |     4 ||     6
  Use: Scroll            |     4 |     1 |       ||     5
       Potion            |       |       |     1 ||     1
 Stab: Sleeping          |    13 |     4 |       ||    17
       Confused          |       |     2 |       ||     2
       Distracted        |       |       |     1 ||     1
  Eat: Chunk             |     3 |     7 |     3 ||    13
       Pizza             |       |     1 |       ||     1
       Royal jelly       |       |     1 |       ||     1
